 Dungeon Crawl Stone Soup version 0.27-a0-1048-g7ee7857c10 (webtiles) character file.

Game seed: 7925990482994335104

70 Lemonice the Skirmisher (level 4, 0/39 HPs)
             Began as a Palentonga Fighter on Apr 20, 2021.
             Succumbed to an adder's poison
             ... on level 2 of the Dungeon.
             The game lasted 00:02:11 (1072 turns).

Lemonice the Skirmisher (Palentonga Fighter)        Turns: 1072, Time: 00:02:12

Health: 0/39       AC:  6    Str: 20    XL:     4   Next: 4%
Magic:  4/4        EV:  5    Int:  9    God:
Gold:   43         SH:  9    Dex:  9    Spells: 3/3 levels left

rFire    . . .     SeeInvis +   a - +0 long sword
rCold    . . .     Faith    .   c - +0 kite shield
rNeg     . . .     Spirit   .   b - +0 scale mail
rPois    .         Reflect  .   (no helmet)
rElec    .         Harm     .   (no cloak)
rCorr    .         Rampage  .   (no gloves)
Will     .....                  (no barding)
Stlth    ..........             (no amulet)
HPRegen  0.13/turn              (no ring)
MPRegen  0.09/turn              (no ring)

@: lethally poisoned (0 -> -6)
A: large, rugged brown scales 3, see invisible, deformed body, roll 1, armoured
tail
a: Rolling Charge


You were on level 2 of the Dungeon.
You visited 1 branch of the dungeon, and saw 2 of its levels.

You collected 43 gold pieces.

Inventory:

Hand Weapons
 a - a +0 long sword (weapon)
Armour
 b - a +0 scale mail (worn)
 c - a +0 kite shield (worn)
Scrolls
 e - a scroll of teleportation {unknown}
 f - a scroll of fog {unknown}
 g - 2 scrolls of identify {unknown}
 h - 3 scrolls of vulnerability {unknown}
 i - a scroll of blinking {unknown}
Potions
 d - 3 potions of might


   Skills:
 + Level 3.7 Fighting
 + Level 2.5 Long Blades
 + Level 2.8 Armour
 + Level 2.9 Shields


You had 3 spell levels left.
You didn't know any spells.
Your spell library contained the following spells:

 Spells                   Type           Power      Damage    Failure   Level
 Summon Small Mammal      Summ           0%         N/A       99%         1
 Call Imp                 Summ           0%         N/A       100%        2
 Call Canine Familiar     Summ           0%         N/A       100%        3
 Summon Guardian Golem    Hex/Summ       0%         N/A       100%        3
 Summon Ice Beast         Ice/Summ       0%         N/A       100%        4
 Summon Lightning Spire   Summ/Air       0%         N/A       100%        4


Dungeon Overview and Level Annotations

Branches:
Dungeon (2/15)

Altars:


Innate Abilities, Weirdness & Mutations

You are completely covered in rugged brown scales. (AC +3, +7% HP)
You have supernaturally acute eyesight. (SInv)
Armour fits poorly on your strangely shaped body.
You can roll at nearby foes to attack.
You have a long armoured tail.


Message History

The iguana bites you.
Your shield and scale mail prevent you from hitting the iguana.
The iguana is almost dead.
The iguana bites you but does no damage.
The iguana bites you!
You hit the iguana.
You kill the iguana!
You have reached level 4!
You feel stronger.
Unknown command.
An adder comes into view.
The adder hisses angrily.
Roll where?
Press: ? - help, Dir - move target, f - adder
Aim: an adder You roll forward with a clatter of scales!
You closely miss the adder.
Your tail-slap misses the adder.
You block the adder's attack. The adder bites you.
Unknown command.
You closely miss the adder. You block the adder's attack. The adder bites you.
You are poisoned.
The adder poisons you!
You hit the adder.
Your tail-slap misses the adder.
The adder is heavily wounded.
You feel sick. The adder bites you.
* * * LOW HITPOINT WARNING * * *
The adder bites you.
* * * LOW HITPOINT WARNING * * *
You hit the adder.
The adder is severely wounded.
You feel sick. The adder bites you but does no damage.
You hit the adder.
The adder is almost dead.
You feel sick. The adder bites you.
* * * LOW HITPOINT WARNING * * *
You are lethally poisoned!
The adder poisons you! The adder bites you but does no damage.
You closely miss the adder.
Your tail-slap misses the adder.
The adder is almost dead.
You die...

#...>.##### #...#.#
#.........# #...#.#
#..#.#....###...#.#
#...............#.#######
#.........#.............#
#......####.............#
#......#................#
#......#.....S..........#
#......#....@...#<......#
#......#...[............#
#.....#.#........#.......##
#.....#.#........#.........
#..........######.........(
#..............##...###....
#..............##...# ....
#..............##....# ##
#....................#


You could see an adder.

Vanquished Creatures
  An iguana (D:2)
  An adder (D:2)
  5 ball pythons (D:1)
  4 endoplasms (D:1)
  A giant cockroach (D:1)
  5 goblins (D:1)
  3 hobgoblins (D:1)
  3 jackals (D:1)
  2 bats (D:1)
  4 kobolds (D:1)
  5 rats
34 creatures vanquished.

Notes
Turn   | Place    | Note
-------+----------+-------------------------------------------
     0 | D:1      | Lemonice the Palentonga Fighter began the quest for the
                  | Orb.
     0 | D:1      | Reached XP level 1. HP: 19/19 MP: 1/1
   158 | D:1      | Reached XP level 2. HP: 25/25 MP: 2/2
   444 | D:1      | Found a faded altar of an unknown god.
   710 | D:1      | Reached XP level 3. HP: 31/31 MP: 3/3
  1062 | D:2      | Reached XP level 4. HP: 20/39 MP: 4/4
  1072 | D:2      | Succumbed to an adder's poison

Illustrated notes

Levels and vault maps discovered:
D:1:      wander_arrival_abandoned_jail, layout_loops_ring,
          basic_ecumenical_altar, patterned_corridor
D:2:      minmay_inner_zag, layout_basic, basic_altar

Action                   |  1- 3 |  4- 6 || total
-------------------------+-------+-------++-------
Melee: Long sword        |    61 |     6 ||    67
       Tailslap          |    10 |       ||    10
 Abil: Rolling Charge    |    20 |     1 ||    21
Armor: Scale mail        |    18 |     2 ||    20
Dodge: Dodged            |     4 |       ||     4
Block: Kite shield       |    17 |     2 ||    19
       Rpst.: Long sword |     4 |       ||     4

Table legend: (Time is in decaauts)
 A = Elapsed time spent in this place.
 B = Non-inter-level travel time spent in this place.
 C = Inter-level travel time spent in this place.
 D = Time resting spent in this place.
 E = Time spent auto-exploring this place.
 F = Levels seen in this place.
 G = Mean time per level.
                   A        B        C        D        E       F      G
               +--------+--------+--------+--------+--------+-----+--------+
         Total |   1103 |   1054 |     49 |      0 |    849 |   2 |  551.5 |
       Dungeon |   1103 |   1054 |     49 |      0 |    849 |   2 |  551.5 |
               +--------+--------+--------+--------+--------+-----+--------+

Top non-repeatable levels by time:
     D:1: 1031 daAuts
     D:2: 72 daAuts
